 Dungeon Crawl Stone Soup version 0.28.0-43-g3370ac3207 (webtiles) character file.

Game seed: 5580310050806770185

352 Zeld the Magician (level 6, -1/32 HPs)
             Began as a Deep Elf Fire Elementalist on Mar 12, 2022.
             Slain by Ijyb
             ... wielding a +0 dagger
              (5 damage)
             ... on level 4 of the Dungeon.
             The game lasted 00:03:33 (3841 turns).

Zeld the Magician (Deep Elf Fire Elementalist)      Turns: 3841, Time: 00:03:34

Health: -1/32      AC:  3    Str:  5    XL:     6   Next: 35%
Magic:  15/15      EV: 13    Int: 22    God:
Gold:   78         SH:  0    Dex: 15    Spells: 8/15 levels left

rFire   . . .      SeeInvis .   (no weapon)
rCold   . . .      Faith    .   (no shield)
rNeg    . . .      Spirit   .   a - +0 robe
rPois   +          Reflect  .   (no helmet)
rElec   .          Harm     .   c - +0 cloak
rCorr   .          Rampage  .   (no gloves)
Will    .....                   (no boots)
Stlth   +++.......              (no amulet)
HPRegen 0.10/turn               l - ring of poison resistance
MPRegen 0.14/turn               (no ring)

@: no status effects
A: no striking features
a: no special abilities


You were on level 4 of the Dungeon.
You visited 1 branch of the dungeon, and saw 5 of its levels.

You collected 133 gold pieces.
You spent 55 gold pieces at shops.

Inventory:

Armour
 a - a +0 robe (worn)
 c - a +0 cloak (worn)
Jewellery
 l - a ring of poison resistance (left hand)
Scrolls
 d - 2 scrolls of immolation {unknown}
 g - 2 scrolls of blinking {unknown}
 i - a scroll of fear {unknown}
 j - 2 scrolls of identify
 k - 2 scrolls of teleportation
 o - 3 scrolls of enchant armour {unknown}
Potions
 b - 2 potions of invisibility {unknown}
 e - a potion of heal wounds {unknown}
 f - a potion of haste {unknown}
 h - 2 potions of flight {unknown}
 m - a potion of lignification {unknown}
 n - a potion of curing {unknown}


   Skills:
 + Level 3.8 Dodging
 + Level 4.0 Stealth
 * Level 5.2 Spellcasting
 + Level 2.9 Conjurations
 * Level 5.1 Fire Magic


You had 8 spell levels left.
You knew the following spells:

 Your Spells              Type           Power      Damage    Failure   Level
a - Foxfire               Conj/Fire      92%        2x1d8     1%          1
b - Scorch                Fire           56%        2d8       1%          2
c - Flame Wave            Conj/Fire      23%        2d7       19%         4

Your spell library contained the following spells:

 Spells                   Type           Power      Damage    Failure   Level
 Conjure Flame            Conj/Fire      23%        6-21      6%          3
 Animate Skeleton         Necr           10%        N/A       10%         1
 Apportation              Tloc           10%        N/A       10%         1
 Pain                     Necr           20%        1d5       10%         1
 Inner Flame              Hex/Fire       17%        N/A       11%         3
 Ensorcelled Hibernation  Hex/Ice        10%        N/A       16%         2
 Spider Form              Tmut/Pois      5%         N/A       30%         3
 Vampiric Draining        Necr           5%         2d6       30%         3
 Anguish                  Hex/Necr       2%         N/A       69%         4
 Alistair's Intoxication  Tmut/Pois      3%         N/A       95%         5


Dungeon Overview and Level Annotations

Branches:
Dungeon (5/15)
 Temple: D:4-7

Altars:
Elyvilon
Trog

Shops:
D:3 ?

Annotations:
D:4 Edmund, Ijyb


Message History

You climb downwards.
Level annotation: Ijyb
There is a stone staircase leading up here.
Casting: Foxfire (safe; 1% risk of failure)
Confirm with . or Enter, or press ? or * to list all spells.
You conjure some foxfire!
Ijyb zaps a wand.
The mass of ice explodes!
The iceblast engulfs you! The iceblast engulfs your foxfire!
The iceblast engulfs your foxfire!!
The foxfire hits Ijyb but does no damage.
The foxfire hits Ijyb.
Ijyb is lightly wounded.
Unknown command.
Ijyb zaps a wand.
The mass of ice explodes!
The iceblast engulfs you!
Ouch! That really hurt!
* * * LOW HITPOINT WARNING * * *
You climb upwards.
There is a stone staircase leading down here.
Unknown command.
You start resting.
Magic restored.
You start resting.
You start resting.
HP restored.
You start waiting.
Done waiting.
You climb downwards.
Level annotation: Ijyb Edmund shouts!
Edmund barely misses you.
Edmund hits you with a +6 flail of protection.
There is a stone staircase leading up here.
Edmund hits you with a +6 flail of protection!
Ijyb hits you with a +0 dagger.
You climb upwards.
There is a stone staircase leading down here.
Ijyb hits you with a +0 dagger.
Ijyb zaps a wand.
The mass of ice explodes!
The iceblast engulfs you!
* * * LOW HITPOINT WARNING * * *
Ijyb hits you with a +0 dagger.
You die...

########## #........# ######
##########..(.....# #....#
#.................# #....#
#.................# #....#
#.................# #....#
#####.............>...# #....#
..)....[[.............######....#
................@.....#.........#
..............#.g#).#...####....#
...............@###..............
......................######....#
......###.###.###...########.####
......###.#...###.........##.#
.......##...#.............##.#
#.#.............#.........##.#
................#.........##.#


You could see Edmund and Ijyb.

Vanquished Creatures
  A necrophage (D:4)
  A water moccasin skeleton (D:4)
  An orc priest (D:4)
  2 iguanas
  An orc wizard (D:4)
  3 adders
  A worm (D:2)
  2 dart slugs
  4 orcs
  6 ball pythons
  6 bats
  7 endoplasms
  3 giant cockroaches
  8 goblins
  6 hobgoblins
  2 jackals (D:2)
  3 quokkas
  4 frilled lizards
  6 kobolds
  7 rats
74 creatures vanquished.

Vanquished Creatures (others)
  206 foxfires
206 creatures vanquished.

Grand Total: 280 creatures vanquished

Notes
Turn   | Place    | Note
-------+----------+-------------------------------------------
     0 | D:1      | Zeld the Deep Elf Fire Elementalist began the quest for the
                  | Orb.
     0 | D:1      | Reached XP level 1. HP: 10/10 MP: 6/6
   315 | D:1      | Reached XP level 2. HP: 15/15 MP: 2/8
   433 | D:1      | Learned a level 2 spell: Scorch
   914 | D:2      | Reached XP level 3. HP: 19/19 MP: 6/10
  1550 | D:3      | Found a white marble altar of Elyvilon.
  1783 | D:3      | Reached XP level 4. HP: 24/24 MP: 2/11
  1856 | D:3      | Found a bloodstained altar of Trog.
  1863 | D:3      | Learned a level 4 spell: Flame Wave
  1963 | D:3      | Found Giawoc's Magic Scroll Shop.
  1966 | D:3      | Bought a scroll of identify for 22 gold pieces
  1966 | D:3      | Bought a scroll of teleportation for 33 gold pieces
  2613 | D:4      | Reached XP level 5. HP: 27/28 MP: 4/13
  2918 | D:4      | Noticed a necrophage
  2925 | D:4      | Killed a necrophage
  2926 | D:4      | Reached skill level 5 in Spellcasting
  2926 | D:4      | Reached skill level 5 in Fire Magic
  2926 | D:4      | Reached XP level 6. HP: 32/32 MP: 6/15
  3360 | D:5      | Entered Level 5 of the Dungeon
  3360 | D:5      | Noticed Ijyb
  3829 | D:5      | Noticed Edmund
  3841 | D:4      | Slain by Ijyb

Illustrated notes

Levels and vault maps discovered:
D:1:      dpeg_arrival_long_road, layout_rooms
D:2:      layout_rooms
D:3:      layout_basic, trog_hazing_becter, old_standard_altar, serial_shops,
          shop_statue
D:4:      layout_rooms, st_stairs_14
D:5:      layout_cave_pods, uniq_edmund, uniq_ijyb

Skill      XL: |  1  2  3  4  5  6 |
---------------+-------------------+-----
Stealth        | 3 4 |  4.0
Fire Magic     | 4 5 |  5.1
Conjurations   | 2 |  2.9
Dodging        | 3 |  3.8
Spellcasting   | 4 5 |  5.2

Action                   |  1- 3 |  4- 6 || total
-------------------------+-------+-------++-------
Melee: Unarmed           |     1 |     5 ||     6
 Cast: Foxfire           |   106 |    14 ||   120
       Scorch            |     2 |    33 ||    35
Armor: Robe              |     2 |     5 ||     7
Dodge: Dodged            |    16 |    19 ||    35
